 Dungeon Crawl Stone Soup version 0.26-a0-597-gb535b0901c (webtiles) character file.

Game seed: 18386924670319534244

610909 zealot1 the Unforgettable (level 27, 0/175 HPs)
             Began as a Gnoll Gladiator on Sept 7, 2020.
             Was the Champion of Hepliaklqana.
             Slain by a storm dragon (17 damage)
             ... on level 1 of the Realm of Zot on Sept 9, 2020.
             The game lasted 05:09:49 (78292 turns).

zealot1 the Unforgettable (Gnoll Gladiator)        Turns: 78292, Time: 05:09:50

Health: 0/175      AC: 25    Str: 23    XL:     27
Magic:  7/17       EV: 33    Int: 10    God:    Hepliaklqana [******]
Gold:   7685       SH: 18    Dex: 33    Spells: 1/61 levels left

rFire    + . .     SeeInvis +   b - +11 double sword "Geimmepn" {antimagic, SInv}
rCold    + . .     Faith    .   w - +1 kite shield {reflect}
rNeg     + + +     Spirit   .   d - +2 acid dragon scales
rPois    ∞         Reflect  +   c - +2 hat {Int+3}
rElec    +         Harm     .   o - +0 cloak "Sishadd" {MP+9 Str+3}
rCorr    +                      p - +0 pair of gloves
MR       +++++                  F - +2 pair of boots {run}
Stlth    ++++++++..             x - necklace of Bloodlust {*Rage +Rage MR++ Int-3 Slay+6 *Curse}
HPRegen  0.00/turn              W - ring of Cijitat {Wiz rElec SInv}
MPRegen  0.15/turn              h - ring of Charity {rPois rF+ Str+2 Dex+6 Slay+2}

@: lich-form, quick
A: distributed training, reduced essence, fangs 1, blurry vision 2, deformed
body, dopey 1, frail 1, sense surroundings 1, inhibited regeneration, strong
nose
}: 3/15 runes: decaying, serpentine, silver
a: End Transformation, Recall Ancestor, Ancestor Identity, Transference,
Idealise, Renounce Religion, Evoke Berserk Rage


You were on level 1 of the Realm of Zot.
You worshipped Hepliaklqana.
Hepliaklqana was exalted by your worship.
You were a lich.
You visited 11 branches of the dungeon, and saw 49 of its levels.
You also visited: Sewer, Ossuary and Bailey.

You collected 11247 gold pieces.
You spent 3562 gold pieces at shops.

Inventory:

Hand Weapons
 b - the +11 double sword "Geimmepn" (weapon) {antimagic, SInv}
   (You acquired it on level 5 of the Vaults)

   It reduces the magical energy of the wielder, and disrupts the spells and
   magical abilities of those hit.
   Natural abilities and divine invocations are not affected.
   It lets you see invisible.
Missiles
 U - 3 silver boomerangs (quivered)
 Z - 6 throwing nets
Armour
 c - a +2 hat of intelligence (worn)
 d - +2 acid dragon scales (worn)
 o - the +0 cloak "Sishadd" (worn) {MP+9 Str+3}
   (You found it on level 4 of the Vaults)

   It affects your strength (+3).
   It affects your magic capacity (+9).
 p - a +0 pair of gloves (worn)
 w - a +1 kite shield of reflection (worn)
 F - a +2 pair of boots of running (worn)
Jewellery
 h - the ring of Charity (right hand) {rPois rF+ Str+2 Dex+6 Slay+2}
   (You bought it in a shop on level 15 of the Dungeon)

   [ring of dexterity]

   It affects your strength (+2).
   It affects your dexterity (+6).
   It affects your accuracy and damage with ranged weapons and melee attacks
   (+2).
   It protects you from fire.
   It protects you from poison.
 i - the amulet of the Salamander {RegenMP rF+ Dex+2}
   (You took it off a deep elf knight on level 3 of the Elven Halls)

   [amulet of magic regeneration]

   It increases your magic regeneration.
   It affects your dexterity (+2).
   It protects you from fire.
 x - the necklace of Bloodlust (around neck) {*Rage +Rage MR++ Int-3 Slay+6 *Curse}
   (You bought it in a shop on level 15 of the Dungeon)

   [amulet of nothing]

   It affects your intelligence (-3).
   It affects your accuracy and damage with ranged weapons and melee attacks
   (+6).
   It affects your resistance to hostile enchantments.
   It lets you go berserk.
   It may make you go berserk in combat.
   It curses itself when equipped.
 W - the ring of Cijitat (left hand) {Wiz rElec SInv}
   (You found it on level 1 of the Vaults)

   [ring of wizardry]

   It improves your spell success rate.
   It insulates you from electricity.
   It lets you see invisible.
Wands
 e - a wand of disintegration (40)
 g - a wand of acid (12)
 r - a wand of iceblast (26)
 u - a wand of flame (29)
 v - a wand of paralysis (12)
 A - a wand of polymorph (72)
 I - a wand of enslavement (36)
 L - a wand of random effects (18)
 S - a wand of digging (5)
Scrolls
 a - 8 scrolls of enchant weapon
 j - 14 scrolls of fear
 m - a scroll of silence
 n - 9 scrolls of amnesia
 s - a scroll of summoning
 t - 23 scrolls of remove curse
 B - 17 scrolls of blinking
 J - 5 scrolls of fog
 K - 4 scrolls of holy word
 M - 7 scrolls of magic mapping
 N - 8 scrolls of enchant armour
 R - 6 scrolls of identify
 T - 18 scrolls of teleportation
Potions
 f - 5 potions of berserk rage
 k - 2 potions of invisibility
 l - 19 potions of curing
 q - 6 potions of haste
 z - 7 potions of might
 C - 10 potions of lignification
 D - 6 potions of flight
 E - 5 potions of magic
 G - 5 potions of resistance
 H - 8 potions of brilliance
 P - 7 potions of cancellation


   Skills:
 + Level 18.3 Fighting
 + Level 17.9 Short Blades
 + Level 18.7 Long Blades
 + Level 17.9 Axes
 + Level 17.9 Maces & Flails
 + Level 17.9 Polearms
 + Level 17.9 Staves
 + Level 17.9 Slings
 + Level 17.9 Bows
 + Level 17.9 Crossbows
 + Level 18.3 Throwing
 + Level 17.9 Armour
 + Level 18.7 Dodging
 + Level 17.9 Stealth
 + Level 17.9 Shields
 + Level 17.9 Unarmed Combat
 + Level 17.9 Spellcasting
 + Level 15.4 Conjurations
 + Level 15.4 Hexes
 + Level 15.4 Summonings
 + Level 15.4 Necromancy
 + Level 15.4 Translocations
 + Level 15.4 Transmutations
 + Level 15.4 Fire Magic
 + Level 15.4 Ice Magic
 + Level 15.4 Air Magic
 + Level 15.4 Earth Magic
 + Level 15.4 Poison Magic
 + Level 19.2 Invocations
 + Level 17.9 Evocations


You had one spell level left.
You knew the following spells:

 Your Spells              Type           Power        Failure   Level
a - Corona                Hex            #####..      0%          1
b - Summon Small Mammal   Summ           ####         0%          1
c - Confusing Touch       Hex            #####...     1%          3
d - Apportation           Tloc           #####.       0%          1
e - Mephitic Cloud        Conj/Pois/Air  #####...     1%          3
f - Ignite Poison         Fire/Tmut/Pois #####...     1%          3
g - Olgreb's Toxic Radia  Pois           #####...     1%          4
h - Poisonous Vapours     Pois/Air       #####.       0%          2
i - Metabolic Englaciati  Hex/Ice        #####.....   1%          5
j - Necromutation         Tmut/Necr      ######....   32%         8
k - Statue Form           Tmut/Erth      #####....    1%          6
l - Shadow Creatures      Summ           N/A          1%          6
m - Yara's Violent Unrav  Hex/Tmut       #####.....   1%          5
n - Infestation           Necr           ######....   32%         8
o - Blink                 Tloc           N/A          0%          2
p - Passwall              Tmut/Erth      #####...     0%          2

Your spell library contained the following spells:

 Spells                   Type           Power        Failure   Level
 Animate Skeleton         Necr           ######       0%          1
 Beastly Appendage        Tmut           #####.       0%          1
 Foxfire                  Conj/Fire      ####         0%          1
 Magic Dart               Conj           ####         0%          1
 Pain                     Necr           ####         0%          1
 Sandblast                Erth           #####.       0%          1
 Sting                    Tmut/Pois      ####         0%          1
 Call Imp                 Summ           #####...     0%          2
 Corpse Rot               Necr/Air       N/A          0%          2
 Ensorcelled Hibernation  Hex/Ice        #####.       0%          2
 Searing Ray              Conj           #####.       0%          2
 Slow                     Hex            #####...     0%          2
 Sublimation of Blood     Necr           ######....   0%          2
 Wereblood                Tmut           #####...     0%          2
 Call Canine Familiar     Summ           #####...     1%          3
 Conjure Flame            Conj/Fire      #####...     1%          3
 Dazzling Flash           Conj/Hex       #####.       1%          3
 Gell's Gravitas          Tloc           #####.....   1%          3
 Inner Flame              Hex/Fire       #####...     1%          3
 Lesser Beckoning         Tloc           #####.....   1%          3
 Spider Form              Tmut/Pois      #####.....   1%          3
 Stone Arrow              Conj/Erth      #####.       1%          3
 Summon Guardian Golem    Hex/Summ       #####...     1%          3
 Tukima's Dance           Hex            #####...     1%          3
 Vampiric Draining        Necr           ######....   1%          3
 Animate Dead             Necr           ######....   1%          4
 Cause Fear               Hex            #####.....   1%          4
 Fulminant Prism          Conj/Hex       #####.....   1%          4
 Ice Form                 Ice/Tmut       #####...     1%          4
 Iskenderun's Mystic Bla  Conj/Tloc      #####...     1%          4
 Leda's Liquefaction      Hex/Erth       #####.....   1%          4
 Petrify                  Tmut/Erth      #####...     1%          4
 Sticky Flame             Conj/Fire      #####...     1%          4
 Summon Ice Beast         Ice/Summ       #####...     1%          4
 Summon Lightning Spire   Summ/Air       #####...     1%          4
 Agony                    Necr           ######..     1%          5
 Alistair's Intoxication  Tmut/Pois      #####....    1%          5
 Blade Hands              Tmut           #####.....   1%          5
 Bolt of Magma            Conj/Fire/Erth #####.....   1%          5
 Borgnjor's Vile Clutch   Necr/Erth      ######....   1%          5
 Fireball                 Conj/Fire      #####.....   1%          5
 Irradiate                Conj/Tmut      #####.....   1%          5
 Iskenderun's Battlesphe  Conj           #####...     1%          5
 Lee's Rapid Deconstruct  Erth           #####.....   1%          5
 Silence                  Hex/Air        #####.....   1%          5
 Summon Demon             Summ           #####.....   1%          5
 Summon Forest            Summ/Tloc      #####.....   1%          5
 Summon Mana Viper        Hex/Summ       #####...     1%          5
 Conjure Ball Lightning   Conj/Air       #####.....   1%          6
 Death Channel            Necr           ######....   1%          6
 Dispersal                Tloc           #####.....   1%          6
 Eringya's Noxious Bog    Tmut/Pois      #####.....   1%          6
 Freezing Cloud           Conj/Ice/Air   #####.....   1%          6
 Hydra Form               Tmut           #####.....   1%          6
 Invisibility             Hex            #####...     1%          6
 Iron Shot                Conj/Erth      #####.....   1%          6
 Ozocubu's Refrigeration  Ice            #####.....   1%          6
 Simulacrum               Ice/Necr       ######....   1%          6
 Dragon Form              Tmut           #####.....   4%          7
 Haunt                    Necr/Summ      ######....   4%          7
 Orb of Destruction       Conj           #####.....   4%          7
 Spellforged Servitor     Conj/Summ      #####.....   4%          7
 Summon Hydra             Summ           #####.....   4%          7
 Borgnjor's Revivificati  Necr           ######....   32%         8
 Disjunction              Tloc           #####.....   32%         8
 Death's Door             Necr           ######....   99%         9
 Dragon's Call            Summ           #####.....   99%         9
 Shatter                  Erth           #####.....   99%         9
 Tornado                  Air            #####.....   99%         9


Dungeon Overview and Level Annotations

Branches:
Dungeon (15/15)            Temple (0/1) D:6            Lair (6/6) D:9
  Swamp (4/4) Lair:3        Snake (4/4) Lair:3        Slime (3/5) Lair:5
    Orc (2/2) D:10            Elf (3/3) Orc:2        Vaults (5/5) D:14
  Crypt (0/3) Vaults:3     Depths (5/5) D:15           Hell (visited)
    Zot (1/5) Depths:5      Sewer (visited)         Ossuary (visited)
 Bailey (visited)
    Dis: Hell:1         Geh: Hell:1         Coc: Hell:1         Tar: Hell:1

Altars:
Gozag
Hepliaklqana
Kikubaaqudgha
Makhleb
Qazlal
Trog
Xom
The Shining One
Beogh
Jiyva

Shops:
D:5 [   D:12 [=}[   D:15 =   Orc:2 }(}[   Vaults:1 (   Depths:2 ((
Depths:5 }}

Portals:
Hell: Lair:6 Depths:1 Depths:2 Depths:3 Depths:4 Depths:5
Abyss: Depths:4
Pandemonium: Depths:1 Depths:2 Depths:3
Ziggurat: Depths:2

Annotations:
D:14 2 runed translucent doors
Hell Geryon
Zot:1 Juoxtaps's ghost, master TrAr


Innate Abilities, Weirdness & Mutations

Your experience applies equally to all skills.
You have very sharp teeth.
Your uncanny sense of smell can sniff out nearby items.
Your life essence is reduced to manifest your ancestor. (-10% HP)
Scrolls take you longer to read.
Armour fits poorly on your strangely shaped body.
You are dopey. (Int -2)
You are frail. (-10% HP)
You passively map a small area around you.
You do not regenerate when monsters are visible.


Message History

You block the spectral golden dragon's attack.
Casting: Blink (safe; 0% risk of failure)
Confirm with . or Enter, or press ? or * to list all spells.
You blink.
Something blocks the death cob's attack. x2
You hear a deafening roar!
You hear a roar!
Marduk has departed this plane of existence.
The yellow draconian rages.
You hear a roar!
You hear a deafening roar!
Casting: Blink (safe; 0% risk of failure)
Confirm with . or Enter, or press ? or * to list all spells.
Press: ? - help, Dir - move target cursor A rock wall.
The storm dragon rages.
You begin to meditate on the wall.
You continue meditating on the rock. x2
You block the yellow draconian's attack.
The storm dragon bites you!
You die...

#...## #......# #...## #...#
#...(..# #...# ##..# ##......##
#...# #.## #........# ##.## #.#
##........# #.# ### #.[.......##
#.# # #..........# ##.## #
##......D...#####...####
#....##Ld..Z......©.....
##...######..############ ##
###....## ##..#X.$Z.R(XD.©
.######.......####...#....Zz.Wd..
.....................#..##..D##..
.....................#..#8...8#..
.R...................#..##...##..
#......###...........#.....©.....
######## ##.......^..#..##..W##..


You could see a tentacled monstrosity, a storm dragon (berserk), a yellow
draconian (berserk) and a spectral golden dragon.

Vanquished Creatures
  5 ancient liches
  Bai Suzhen (Swamp:4)
  5 caustic shrikes
  A curse toe (Zot:1)
  5 golden dragons
  The ghost of Ceoruaheis the Impregnable, an adept MiFi of Gozag (Vaults:1)
  The ghost of Foutwah the Black Belt, an adept MfTm of Cheibriados (Vaults:1)
  3 liches
  6 tentacled monstrosities
  2 deep elf blademasters
  8 titans
  A deep elf master archer (Elf:3)
  2 quicksilver dragons (Zot:1)
  2 death cobs (Zot:1)
  2 acid blobs
  Gastronok (Lair:2)
  An ancient champion (Depths:5)
  8 storm dragons
  7 sphinxes
  7 tengu reavers
  2 azure jellies
  A draconian monk (Zot:1)
  6 shadow dragons
  9 nagarajas
  11 fire giants
  18 vault wardens
  3 iron dragons
  4 deep elf sorcerers
  A draconian scorcher (Depths:5)
  A balrug (Depths:1)
  Louise (Depths:4)
  10 frost giants
  The ghost of Foufiw the Eclecticist, an adept DENe of Kikubaaqudgha (Vaults:4)
  2 draconian annihilators
  6 deep elf elementalists
  33 very ugly things
  The ghost of Libiodyb the Grappler, a journeyman TrTm of Cheibriados (D:14)
  2 green draconians
  14 ironheart preservers
  5 spriggan defenders
  Nessos (D:14)
  26 stone giants
  4 entropy weavers
  7 deep elf demonologists
  3 vampire knights
  6 yellow draconians (Zot:1)
  6 deep elf annihilators
  6 black draconians
  5 purple draconians
  4 red draconians
  6 spark wasps
  2 white draconians (Depths:5)
  The ghost of Enasy the Cleaver, a journeyman MiBe of Trog (D:12)
  21 ettins
  2 blizzard demons
  A crystal guardian (Vaults:5)
  4 deep elf death magi
  2 death oozes (Depths:4)
  5 deep elf high priests
  6 fire dragons
  17 yaktaur captains
  5 naga warriors
  2 jiangshi
  A monstrous demonspawn (Depths:1)
  11 great orbs of eyes
  A hell beast (Depths:5)
  27 vault guards
  25 hydras
  9 ice dragons
  3 rakshasas
  5 spriggan air magi
  A ghost crab (Swamp:4)
  8 anacondas
  5 death knights
  64 two-headed ogres
  A spectral fire giant (Vaults:4)
  A spectral stone giant (Vaults:4)
  A death yak (Vaults:3)
  4 shambling mangroves
  24 dancing weapons
  3 alligators
  23 ogre magi
  9 centaur warriors
  2 vampire magi
  5 deep troll shamans
  12 deep troll earth magi
  8 tengu warriors
  Urug (Lair:6)
  8 naga sharpshooters
  5 spriggan berserkers
  2 soul eaters (Depths:3)
  9 shock serpents
  3 salamander mystics
  Nergalle (Lair:3)
  18 deep elf knights
  2 iron trolls
  5 shadow wraiths
  2 unseen horrors (D:14)
  2 spriggans (Swamp:4)
  17 skeletal warriors
  A death drake (Depths:5)
  11 hell knights
  12 swamp dragons
  3 sixfirhies
  2 storm dragon skeletons
  A sea snake (Snake:1)
  A spriggan druid (Swamp:4)
  11 glowing orange brains
  A lindwurm (shapeshifter) (Vaults:5)
  5 naga ritualists
  7 wizards
  7 flayed ghosts
  A wolf spider zombie (D:14)
  9 ironbrand convokers
  29 deep trolls
  15 orc knights
  14 deep elf archers
  A shadow dragon zombie (Depths:3)
  A harpy (shapeshifter) (Vaults:4)
  A golden dragon zombie (Depths:2)
  10 phantasmal warriors
  3 harpies (Vaults:3)
  11 necromancers
  An anaconda skeleton (Hell)
  An orange crystal statue (Depths:3)
  A mana viper (shapeshifter) (D:15)
  4 lindwurms (Depths:5)
  2 fire giant zombies (Depths:2)
  48 ugly things
  6 cyclopes
  41 deep elf magi
  A spectral elf (Vaults:4)
  A tengu skeleton (Vaults:3)
  A salamander (shapeshifter) (Depths:3)
  13 salamanders
  4 wolf spiders
  3 mana vipers
  2 fire giant skeletons
  Joseph (Lair:1)
  32 black mambas
  5 moths of wrath (Zot:1)
  8 elephants
  14 naga magi
  A manticore (D:11)
  A rust devil (Hell)
  2 black mambas (shapeshifter)
  10 vault sentinels
  2 titan simulacra (Vaults:4)
  A cane toad (shapeshifter) (Vaults:2)
  An orange demon (Lair:6)
  An eye of devastation (Slime:1)
  3 guardian serpents (Snake:4)
  Maggie (D:8)
  A torpor snail (Lair:4)
  A storm dragon simulacrum (Vaults:4)
  3 gargoyles
  A spriggan zombie (Depths:2)
  5 ice devils
  18 cane toads
  An efreet (D:15)
  6 rime drakes
  A spectral glowing shapeshifter (Vaults:4)
  9 freezing wraiths
  3 komodo dragons
  3 red devils (Lair:6)
  53 yaktaurs
  4 tengu conjurers
  2 hellwings
  A queen bee (D:11)
  5 trolls
  3 polar bears
  A wind drake (shapeshifter) (D:15)
  3 queen bees (shapeshifter)
  A tengu simulacrum (Depths:2)
  A polar bear (shapeshifter) (D:15)
  3 wind drakes (Depths:5)
  13 hornets
  16 blink frogs
  9 tyrant leeches
  6 bog bodies
  35 slime creatures
  A blink frog (shapeshifter) (Vaults:2)
  6 hippogriffs
  A fire giant simulacrum (Vaults:4)
  A redback (shapeshifter) (Vaults:5)
  4 air elementals
  3 water elementals
  6 shadows
  10 wraiths
  3 ettin skeletons (Vaults:3)
  23 yaks
  5 basilisks
  2 fire elementals (Elf:1)
  A yak (shapeshifter) (Vaults:5)
  2 redbacks
  2 wyverns
  2 humans (shapeshifter)
  2 ynoxinuls
  2 chaos spawn
  A golden eye (Slime:2)
  A yaktaur simulacrum (Vaults:2)
  A human simulacrum (Vaults:3)
  2 vampire mosquitoes (D:12)
  5 wargs
  39 nagas
  11 swamp worms
  9 insubstantial wisps
  8 water moccasins
  A deep troll skeleton (Vaults:2)
  A floating eye (Depths:3)
  A hell hound (Lair:6)
  7 porcupines
  25 orc warriors
  3 sky beasts
  A black bear (shapeshifter) (Vaults:3)
  12 swamp drakes
  Purgy (Sewer)
  2 ice beasts
  An eye of draining (shapeshifter) (Vaults:1)
  6 necrophages
  60 ogres
  A boggart (shapeshifter) (Vaults:2)
  2 eyes of draining
  6 wolves (Lair:4)
  7 phantoms
  8 boggarts
  17 centaurs
  8 human skeletons
  10 crocodiles
  A big kobold (D:7)
  6 nameless horrors
  15 bullfrogs
  An earth elemental (Elf:3)
  2 deep troll simulacra (Vaults:4)
  3 wyvern skeletons
  3 scorpions
  16 killer bees
  10 wights
  8 howler monkeys
  3 electric eels
  4 crimson imps (Depths:2)
  2 centaur zombies
  A quasit (D:10)
  5 jellies
  4 hounds
  17 orc priests
  2 bullfrog skeletons (D:12)
  5 iguanas
  6 centaur skeletons
  An iron imp (Depths:2)
  Terence (D:2)
  19 orc wizards
  5 hell rats
  6 worker ants
  Natasha (thrice) (D:2)
  15 mummies
  16 adders
  5 gnolls
  2 shadow imps
  4 white imps
  2 ufetubi
  2 oozes
  4 worms
  2 dart slugs
  6 leopard geckos
  111 orcs
  5 bats
  5 giant cockroaches
  7 goblins
  7 hobgoblins
  17 jackals
  9 quokkas
  2 ball pythons
  6 frilled lizards
  2 gnoll skeletons (Ossuary)
  2 goblin skeletons (Ossuary)
  A goblin zombie (D:4)
  2 jackal zombies
  28 kobolds
  A kobold skeleton (Ossuary)
  A kobold zombie (D:4)
  A leopard gecko skeleton (D:4)
  3 orc skeletons (Ossuary)
  A quokka zombie (D:5)
  9 rats
  11 rat skeletons (Ossuary)
  A crawling corpse (Elf:3)
  A fire vortex (Depths:4)
2020 creatures vanquished.

Vanquished Creatures (collateral kills)
  An ancient lich (Vaults:1)
  Vashnia (Snake:3)
  A caustic shrike (Depths:5)
  A titan (Vaults:5)
  A deep elf master archer (Elf:3)
  A deep elf blademaster (Elf:3)
  An acid blob (Slime:1)
  A shadow dragon (Depths:3)
  An azure jelly (Slime:1)
  2 storm dragons
  A tengu reaver (Vaults:5)
  6 nagarajas
  A frost giant (Depths:4)
  A fire giant (Depths:3)
  A vault warden (Vaults:5)
  A draconian scorcher (Zot:1)
  4 draconian monks (Depths:5)
  Aizul (Vaults:1)
  4 ironheart preservers
  4 very ugly things
  A stone giant (Depths:3)
  A deep elf demonologist (Elf:3)
  4 red draconians
  A black draconian (Zot:1)
  A white draconian (Depths:5)
  4 deep elf death magi (Elf:3)
  An ettin (Depths:2)
  A deep elf high priest (Vaults:5)
  A rakshasa (Depths:1)
  2 yaktaur captains
  An ice dragon (Depths:3)
  2 shambling mangroves
  A vault guard (Vaults:4)
  A spectral sphinx (Vaults:4)
  8 hydras
  6 naga warriors
  7 anacondas
  2 catoblepae
  5 two-headed ogres
  An alligator (Swamp:3)
  2 centaur warriors
  2 ogre magi
  A Killer Klown simulacrum (Zot:1)
  A deep troll earth mage (Depths:4)
  A death knight (D:14)
  A deep troll shaman (Depths:2)
  4 dancing weapons
  4 shock serpents
  7 naga sharpshooters
  A spriggan (Swamp:3)
  2 deep elf knights
  7 black mambas
  4 hell knights
  A sea snake (Snake:2)
  7 salamander mystics
  A skeletal warrior (Vaults:3)
  3 naga ritualists
  An unseen horror (D:9)
  A golden dragon zombie (Depths:3)
  A spectral iron dragon (Vaults:4)
  2 swamp dragons
  A deep troll (Vaults:5)
  An orc knight (Vaults:3)
  2 harpies (Vaults:3)
  4 deep elf archers
  3 mana vipers
  A lindwurm (shapeshifter) (D:15)
  A lindwurm (Lair:4)
  A necromancer (Depths:3)
  A tengu skeleton (Depths:2)
  9 deep elf magi
  6 ugly things
  A manticore (D:14)
  3 salamanders
  A spectral ettin (Vaults:4)
  A moth of wrath (Zot:1)
  5 nameless horrors
  4 elephants
  A smoke demon (Lair:6)
  A rust devil (Depths:2)
  2 elf zombies
  A torpor snail (Lair:2)
  5 cane toads
  8 naga magi
  A guardian serpent (Snake:4)
  2 rime drakes
  A centaur skeleton (D:12)
  An ice devil (D:11)
  2 yaktaurs
  A komodo dragon (Lair:2)
  A tyrant leech (Swamp:1)
  A troll (D:15)
  2 red devils
  A wind drake (Depths:5)
  A shadow dragon simulacrum (Depths:3)
  2 hornets
  5 blink frogs (Lair:6)
  A human simulacrum (Vaults:1)
  5 slime creatures
  6 hippogriffs
  A redback (Vaults:2)
  A centaur simulacrum (D:14)
  A fire giant simulacrum (Depths:3)
  A water elemental (Depths:4)
  A shadow (D:13)
  2 wraiths
  A wyvern (Lair:6)
  10 yaks
  A golden eye (Slime:2)
  4 vampire mosquitoes
  A swamp worm (Swamp:3)
  3 insubstantial wisps (Swamp:1)
  27 nagas
  3 acid dragons (D:14)
  3 hell hounds (Lair:6)
  3 water moccasins (Lair:2)
  4 swamp drakes
  A sky beast (D:9)
  6 orc warriors
  6 ogres
  A necrophage (Lair:4)
  5 centaurs
  2 phantoms
  A crocodile (Lair:3)
  3 bullfrogs
  2 big kobolds
  A scorpion (D:7)
  3 killer bees
  2 wights
  2 howler monkeys
  An electric eel (Elf:3)
  3 centaur zombies
  A bullfrog zombie (D:11)
  2 quasits
  4 orc priests
  An orc wizard (D:7)
  2 iron imps (Depths:3)
  An iguana (D:5)
  A hound zombie (D:8)
  A gnoll (D:5)
  An adder (D:9)
  A shadow imp (Depths:3)
  A white imp (Depths:2)
  An ufetubus (D:9)
  18 orcs
  A jackal (D:5)
  4 kobolds
  A quokka (D:7)
  A giant cockroach zombie (D:5)
  4 crawling corpses (Elf:3)
388 creatures vanquished.

Vanquished Creatures (others)
  A stone giant (Depths:4)
  A deep elf high priest (Elf:3)
  A naga sharpshooter (Snake:3)
  A deep elf archer (Vaults:5)
  A slime creature (Vaults:2)
  2 yaktaurs
  A kobold demonologist (Elf:1)
  A hornet (Swamp:4)
  A spriggan (Swamp:4)
  A yak (D:7)
  An orc warrior (D:7)
  An ogre (Vaults:3)
  2 centaurs (Depths:2)
  29 knights
  A quasit (Depths:3)
  A white imp (D:7)
  An orc (Vaults:5)
  10 fungi
  39 plants
96 creatures vanquished.

Grand Total: 2504 creatures vanquished

Notes
Turn   | Place    | Note
-------+----------+-------------------------------------------
     0 | D:1      | zealot1 the Gnoll Gladiator began the quest for the Orb.
     0 | D:1      | Reached XP level 1. HP: 20/20 MP: 1/1
   184 | D:1      | Reached XP level 2. HP: 26/26 MP: 2/2
   760 | D:2      | Reached XP level 3. HP: 31/31 MP: 3/3
   963 | D:2      | Reached skill level 1 in Invocations
   980 | D:2      | Noticed Terence
   994 | D:2      | Killed Terence
   994 | D:2      | Reached skill level 1 in Short Blades
   994 | D:2      | Reached skill level 1 in Axes
   994 | D:2      | Reached skill level 1 in Maces & Flails
   994 | D:2      | Reached skill level 1 in Polearms
   994 | D:2      | Reached skill level 1 in Staves
   994 | D:2      | Reached skill level 1 in Slings
   994 | D:2      | Reached skill level 1 in Bows
   994 | D:2      | Reached skill level 1 in Crossbows
   994 | D:2      | Reached skill level 1 in Armour
   994 | D:2      | Reached skill level 1 in Stealth
   994 | D:2      | Reached skill level 1 in Shields
   994 | D:2      | Reached skill level 1 in Unarmed Combat
   994 | D:2      | Reached skill level 1 in Spellcasting
   994 | D:2      | Reached skill level 1 in Evocations
   994 | D:2      | Reached XP level 4. HP: 34/38 MP: 5/5
  1033 | D:2      | Noticed Natasha
  1045 | D:2      | Killed Natasha
  1045 | D:2      | Reached skill level 1 in Conjurations
  1045 | D:2      | Reached skill level 1 in Hexes
  1045 | D:2      | Reached skill level 1 in Summonings
  1045 | D:2      | Reached skill level 1 in Necromancy
  1045 | D:2      | Reached skill level 1 in Translocations
  1045 | D:2      | Reached skill level 1 in Transmutations
  1045 | D:2      | Reached skill level 1 in Fire Magic
  1045 | D:2      | Reached skill level 1 in Ice Magic
  1045 | D:2      | Reached skill level 1 in Air Magic
  1045 | D:2      | Reached skill level 1 in Earth Magic
  1045 | D:2      | Reached skill level 1 in Poison Magic
  1211 | D:2      | Noticed Natasha
  1363 | D:2      | Killed Natasha
  1363 | D:2      | Reached XP level 5. HP: 14/43 MP: 5/7
  1429 | D:2      | Noticed Natasha
  1433 | D:2      | Killed Natasha
  1610 | D:3      | Found a glowing drain.
  1651 | D:3      | Reached XP level 6. HP: 44/50 MP: 8/8
  1660 | Sewer    | Entered a sewer
  1674 | Sewer    | Reached skill level 2 in Invocations
  1682 | Sewer    | Noticed Purgy
  1811 | Sewer    | Killed Purgy
  1811 | Sewer    | Reached skill level 5 in Fighting
  1811 | Sewer    | Reached skill level 5 in Throwing
  2178 | D:3      | Found a bloodstained altar of Trog.
  2814 | D:3      | Reached XP level 7. HP: 56/56 MP: 10/10
  2901 | D:4      | Found a sand-covered staircase.
  2908 | Ossuary  | Entered an ossuary
  3358 | Ossuary  | Reached skill level 3 in Invocations
  3402 | Ossuary  | Reached skill level 5 in Short Blades
  3402 | Ossuary  | Reached skill level 5 in Axes
  3402 | Ossuary  | Reached skill level 5 in Maces & Flails
  3402 | Ossuary  | Reached skill level 5 in Polearms
  3402 | Ossuary  | Reached skill level 5 in Staves
  3402 | Ossuary  | Reached skill level 5 in Slings
  3402 | Ossuary  | Reached skill level 5 in Bows
  3402 | Ossuary  | Reached skill level 5 in Crossbows
  3402 | Ossuary  | Reached skill level 5 in Armour
  3402 | Ossuary  | Reached skill level 5 in Stealth
  3402 | Ossuary  | Reached skill level 5 in Shields
  3402 | Ossuary  | Reached skill level 5 in Unarmed Combat
  3402 | Ossuary  | Reached skill level 5 in Spellcasting
  3402 | Ossuary  | Reached skill level 5 in Invocations
  3402 | Ossuary  | Reached skill level 5 in Evocations
  3402 | Ossuary  | Reached XP level 8. HP: 67/67 MP: 11/15
  3413 | Ossuary  | Gained mutation: Your flesh is cold resistant. (rC+)
                  | [potion of mutation]
  3413 | Ossuary  | Gained mutation: You are agile. (Dex +2) [potion of
                  | mutation]
  3936 | D:4      | Reached XP level 9. HP: 70/70 MP: 16/16
  4030 | D:4      | Found a hazy altar of Hepliaklqana.
  4206 | D:4      | Became a worshipper of Hepliaklqana the Forgotten
  4231 | D:5      | Entered Level 5 of the Dungeon
  4266 | D:5      | Found Ejytaif's Antique Armour Boutique.
  5214 | D:6      | Reached * piety under Hepliaklqana
  5250 | D:6      | Found a staircase to the Ecumenical Temple.
  5332 | D:6      | Reached skill level 6 in Invocations
  5588 | D:7      | Learned a level 1 spell: Corona
  5767 | D:7      | Found a shimmering altar of Xom.
  6016 | D:7      | Reached ** piety under Hepliaklqana
  6017 | D:7      | Remembered your ancestor Marduk as a knight
  6613 | D:7      | Reached XP level 10. HP: 22/69 MP: 18/18
  6965 | D:8      | Noticed Maggie
  6977 | D:8      | Killed Maggie
  7059 | D:8      | Reached skill level 5 in Conjurations
  7059 | D:8      | Reached skill level 5 in Hexes
  7059 | D:8      | Reached skill level 5 in Summonings
  7059 | D:8      | Reached skill level 5 in Necromancy
  7059 | D:8      | Reached skill level 5 in Translocations
  7059 | D:8      | Reached skill level 5 in Transmutations
  7059 | D:8      | Reached skill level 5 in Fire Magic
  7059 | D:8      | Reached skill level 5 in Ice Magic
  7059 | D:8      | Reached skill level 5 in Air Magic
  7059 | D:8      | Reached skill level 5 in Earth Magic
  7059 | D:8      | Reached skill level 5 in Poison Magic
  7111 | D:8      | Noticed a two-headed ogre
  7118 | D:8      | Killed a two-headed ogre
  7860 | D:9      | Found a staircase to the Lair.
  8186 | D:10     | Entered Level 10 of the Dungeon
  8215 | D:10     | Reached *** piety under Hepliaklqana
  8329 | D:10     | Found a flagged portal.
  8338 | Bailey   | Entered a bailey
  8407 | Bailey   | Identified a +2 pair of boots of running (You found it in a
                  | bailey)
  8424 | Bailey   | Reached XP level 11. HP: 62/75 MP: 20/20
  8428 | Bailey   | Reached skill level 7 in Invocations
  8447 | Bailey   | Found an iron altar of Okawaru.
  8567 | D:10     | Noticed an unseen horror
  8579 | D:9      | Killed an unseen horror
  8793 | D:10     | Found a roughly hewn altar of Beogh.
  9089 | D:10     | Noticed an orc knight
  9107 | D:10     | Killed an orc knight
  9143 | D:10     | Found a staircase to the Orcish Mines.
  9257 | Lair:1   | Entered Level 1 of the Lair of Beasts
  9263 | Lair:1   | Learned a level 1 spell: Summon Small Mammal
  9267 | Lair:1   | Learned a level 3 spell: Confusing Touch
  9417 | Lair:1   | Noticed Joseph
  9436 | Lair:1   | Killed Joseph
  9543 | Lair:1   | Noticed an eight-headed hydra
  9552 | Lair:1   | Killed a six-headed hydra
  9887 | Lair:1   | Reached **** piety under Hepliaklqana
  9996 | Lair:1   | Reached XP level 12. HP: 78/82 MP: 22/22
 10371 | Lair:2   | Noticed a five-headed hydra
 10378 | Lair:2   | Killed a five-headed hydra
 10383 | Lair:2   | Reached skill level 8 in Invocations
 10604 | Lair:2   | Reached skill level 10 in Long Blades
 10604 | Lair:2   | Reached skill level 10 in Dodging
 10765 | Lair:2   | Noticed Gastronok
 10784 | Lair:2   | Killed Gastronok
 11030 | Lair:2   | Noticed a six-headed hydra
 11042 | Lair:2   | Killed a three-headed hydra
 11170 | Lair:2   | Noticed a four-headed hydra
 11178 | Lair:2   | Killed a two-headed hydra
 11414 | Lair:3   | Noticed Nergalle
 11430 | Lair:3   | Killed Nergalle
 11526 | Lair:3   | Found a staircase to the Swamp.
 11615 | Lair:3   | Found a staircase to the Snake Pit.
 11636 | Lair:3   | Reached XP level 13. HP: 88/88 MP: 25/25
 11826 | Lair:3   | Reached ***** piety under Hepliaklqana
 11912 | Lair:3   | Reached skill level 9 in Invocations
 12537 | Lair:4   | Learned a level 1 spell: Apportation
 12992 | Lair:4   | Got a wavering graven amulet
 13386 | Lair:4   | Identified the amulet of the Median {RegenMP rF+} (You
                  | found it on level 4 of the Lair of Beasts)
 13728 | Lair:5   | Found an opulent altar of Gozag.
 14140 | Lair:5   | Reached skill level 10 in Fighting
 14140 | Lair:5   | Reached skill level 10 in Throwing
 14596 | Lair:5   | Found a viscous altar of Jiyva.
 14597 | Lair:5   | Found a staircase to the Slime Pits.
 14815 | Lair:6   | Entered Level 6 of the Lair of Beasts
 15053 | Lair:5   | Reached XP level 14. HP: 91/97 MP: 25/27
 16202 | Lair:6   | Reached skill level 10 in Invocations
 16596 | Lair:6   | Found a burning altar of Makhleb.
 16877 | Lair:6   | Found a gateway to Hell.
 16890 | Lair:6   | Learned a level 3 spell: Mephitic Cloud
 16894 | Lair:6   | Learned a level 3 spell: Ignite Poison
 16899 | Lair:6   | Learned a level 4 spell: Olgreb's Toxic Radiance
 17157 | Lair:6   | Noticed Urug
 17169 | Lair:6   | Killed Urug
 17795 | Orc:1    | Entered Level 1 of the Orcish Mines
 17920 | Orc:2    | Entered Level 2 of the Orcish Mines
 17925 | Orc:2    | Found a staircase to the Elven Halls.
 18173 | Orc:2    | Found a roughly hewn altar of Beogh.
 18174 | Orc:2    | Found Vacvayna's Gadget Emporium.
 18174 | Orc:2    | Found Suzeril's Gadget Boutique.
 18174 | Orc:2    | Found Tiodest's Antique Armour Shop.
 18174 | Orc:2    | Found Jothrubli's Antique Weapon Emporium.
 18396 | Orc:2    | Reached XP level 15. HP: 105/105 MP: 26/28
 18437 | Orc:2    | Bought a crude scimitar for 270 gold pieces
 18437 | Orc:2    | Identified the cursed +3 scimitar "Zilon" {vorpal, +Blink
                  | rElec Str+3 Int+3} (You bought it in a shop on level 2 of
                  | the Orcish Mines)
 19038 | D:11     | Reached ****** piety under Hepliaklqana
 19078 | D:11     | Found a roughly hewn altar of Beogh.
 19354 | D:11     | Found a stormy altar of Qazlal.
 19406 | D:11     | Reached skill level 10 in Short Blades
 19406 | D:11     | Reached skill level 10 in Axes
 19406 | D:11     | Reached skill level 10 in Maces & Flails
 19406 | D:11     | Reached skill level 10 in Polearms
 19406 | D:11     | Reached skill level 10 in Staves
 19406 | D:11     | Reached skill level 10 in Slings
 19406 | D:11     | Reached skill level 10 in Bows
 19406 | D:11     | Reached skill level 10 in Crossbows
 19406 | D:11     | Reached skill level 10 in Armour
 19406 | D:11     | Reached skill level 10 in Stealth
 19406 | D:11     | Reached skill level 10 in Shields
 19406 | D:11     | Reached skill level 10 in Unarmed Combat
 19406 | D:11     | Reached skill level 10 in Spellcasting
 19406 | D:11     | Reached skill level 10 in Evocations
 20053 | D:12     | Found Kuim's Gadget Emporium.
 20093 | D:12     | Found Piceba's Antique Armour Shoppe.
 20337 | D:12     | Found a large runed translucent door.
 20337 | D:12     | Found a large runed translucent door.
 20618 | D:12     | Found Nyhicej's Antique Armour Emporium.
 20625 | D:12     | Bought a pair of embroidered boots for 232 gold pieces
 20660 | D:12     | Noticed Enasy's ghost (journeyman MiBe)
 20853 | D:12     | Found Fomeezen's Jewellery Shoppe.
 20920 | D:12     | Got an encrusted plate armour
 20921 | D:12     | Identified the +9 plate armour of Elyvilon's Castigation
                  | {+Inv rF+ MR- SInv} (You found it on level 12 of the
                  | Dungeon)
 21062 | D:12     | Got a pitted spear
 21063 | D:12     | Identified the +10 spear of Diwiuph {vorpal, rF+ Dex+5}
                  | (You found it on level 12 of the Dungeon)
 21256 | D:12     | Killed Enasy's ghost
 21256 | D:12     | Reached skill level 11 in Invocations
 21298 | D:12     | Learned a level 2 spell: Poisonous Vapours
 21839 | D:14     | Found a runed translucent gate.
 21839 | D:14     | Found a runed translucent gate.
 21840 | D:14     | Found a runed translucent gate.
 21842 | D:14     | Noticed Libiodyb's ghost (journeyman TrTm)
 21954 | D:14     | Identified the +3 leather armour of Servitude {rPois rC-
                  | rN+++ Stlth+}
 22094 | D:14     | Noticed Nessos
 22100 | D:14     | Killed Nessos
 22474 | D:14     | Found a gate to the Vaults.
 22517 | D:14     | Found a runed translucent door.
 22523 | D:14     | Found a runed translucent door.
 23257 | D:14     | Reached XP level 16. HP: 97/113 MP: 30/30
 23538 | D:15     | Entered Level 15 of the Dungeon
 23785 | D:15     | Found an opulent altar of Gozag.
 24045 | D:15     | Found Zycoice's Jewellery Boutique.
 24053 | D:15     | Bought the ring of Charity {rPois rF+ Str+2 Dex+6 Slay+2}
                  | for 1518 gold pieces
 24235 | D:15     | Found a staircase to the Depths.
 24680 | Snake:1  | Entered Level 1 of the Snake Pit
 25953 | Snake:1  | Got a scorched dagger
 25954 | Snake:1  | Identified the +7 dagger "Mofraytix" {vamp, Str+3 Int+2}
                  | (You found it on level 1 of the Snake Pit)
 25983 | Snake:2  | Noticed a nagaraja
 26392 | Snake:1  | Learned a level 5 spell: Metabolic Englaciation
 26719 | Snake:2  | Got a translucent short sword
 26721 | Snake:2  | Identified the +11 short sword of Instinct {speed, rPois
                  | Int-3 Dex+4 SInv} (You found it on level 2 of the Snake
                  | Pit)
 27160 | Snake:2  | Reached skill level 12 in Invocations
 27263 | Snake:2  | Learned a level 5 spell: Summon Mana Viper
 27300 | Snake:2  | Noticed a nagaraja
 27321 | Snake:2  | Killed a nagaraja
 27613 | Snake:2  | Killed a nagaraja
 28263 | Snake:2  | Identified the +1 ring mail of the Piercing Bounties {rPois
                  | rF- Dex+4} (You found it on level 2 of the Snake Pit)
 28649 | Snake:3  | Noticed a nagaraja
 28666 | Snake:3  | Killed a nagaraja
 28666 | Snake:3  | Reached XP level 17. HP: 103/119 MP: 25/32
 29056 | Snake:3  | Learned a level 5 spell: Summon Demon
 29488 | Snake:3  | Noticed Vashnia
 31435 | Snake:3  | Killed Vashnia
 31622 | Snake:4  | Entered Level 4 of the Snake Pit
 31895 | Snake:4  | Reached skill level 10 in Conjurations
 31895 | Snake:4  | Reached skill level 10 in Hexes
 31895 | Snake:4  | Reached skill level 10 in Summonings
 31895 | Snake:4  | Reached skill level 10 in Necromancy
 31895 | Snake:4  | Reached skill level 10 in Translocations
 31895 | Snake:4  | Reached skill level 10 in Transmutations
 31895 | Snake:4  | Reached skill level 10 in Fire Magic
 31895 | Snake:4  | Reached skill level 10 in Ice Magic
 31895 | Snake:4  | Reached skill level 10 in Air Magic
 31895 | Snake:4  | Reached skill level 10 in Earth Magic
 31895 | Snake:4  | Reached skill level 10 in Poison Magic
 32474 | Snake:4  | Learned a level 6 spell: Shadow Creatures
 32934 | Snake:4  | Found a glowing golden altar of the Shining One.
 33509 | Snake:4  | Reached XP level 18. HP: 97/127 MP: 9/33
 34063 | Snake:4  | Reached skill level 13 in Invocations
 34858 | Snake:4  | Got a serpentine rune of Zot
 35291 | D:14     | Killed Libiodyb's ghost
 35325 | D:15     | Bought the cursed necklace of Bloodlust {*Rage +Rage MR++
                  | Int-3 Slay+6 *Curse} for 683 gold pieces
 35325 | D:15     | Found the cursed necklace of Bloodlust {*Rage +Rage MR++
                  | Int-3 Slay+6 *Curse}
 35509 | Swamp:1  | Entered Level 1 of the Swamp
 38388 | Swamp:4  | Entered Level 4 of the Swamp
 38684 | Swamp:4  | Reached XP level 19. HP: 131/134 MP: 31/35
 38742 | Swamp:4  | Got a decaying rune of Zot
 38820 | Swamp:4  | Noticed Bai Suzhen
 38849 | Swamp:4  | Killed Bai Suzhen
 39877 | Swamp:4  | Identified a scroll of acquirement
 39878 | Swamp:4  | Acquired a +3 spectral lajatang
 40145 | D:13     | Identified the +3 scale mail of the Wilderness {rPois Str-4
                  | Int+4 SInv} (You found it on level 13 of the Dungeon)
 40317 | Orc:2    | Bought a smelly ring mail for 270 gold pieces
 40317 | Orc:2    | Identified the +3 ring mail of Ceipsu {*Corrode rF++ rC++}
                  | (You bought it in a shop on level 2 of the Orcish Mines)
 40527 | Vaults:1 | Entered Level 1 of the Vaults
 40527 | Vaults:1 | Found Vojaanem's Weapon Shoppe.
 40620 | Vaults:1 | Noticed an ancient lich
 40635 | Vaults:1 | Killed an ancient lich
 41349 | Vaults:1 | Reached skill level 14 in Invocations
 42446 | Vaults:1 | Learned a level 5 spell: Yara's Violent Unravelling
 42570 | Vaults:1 | Found a runed translucent gate.
 42570 | Vaults:1 | Found a runed translucent gate.
 42570 | Vaults:1 | Found an ancient bone altar of Kikubaaqudgha.
 42570 | Vaults:1 | Found a runed translucent gate.
 42570 | Vaults:1 | Noticed Foutwah's ghost (adept MfTm)
 42570 | Vaults:1 | Noticed an ancient lich
 42571 | Vaults:1 | Noticed Ceoruaheis's ghost (adept MiFi)
 42571 | Vaults:1 | Noticed an ancient lich
 42598 | Vaults:1 | Noticed Aizul
 42607 | Vaults:1 | Killed Aizul
 42833 | Vaults:1 | Reached XP level 20. HP: 142/142 MP: 37/37
 43127 | Vaults:1 | Killed an ancient lich
 43133 | Vaults:1 | Killed an ancient lich
 43631 | Vaults:1 | Killed Foutwah's ghost
 43809 | Vaults:1 | Killed Ceoruaheis's ghost
 44018 | Vaults:1 | Identified Kikubaaqudgha's Papyrus of Darkness
 44023 | Vaults:1 | Got a pair of brightly glowing gloves
 44027 | Vaults:1 | Got a faintly glowing bronze ring
 44032 | Vaults:1 | Identified the +2 pair of gloves of Compassion {Harm rF+
                  | Int-5 Dex+9} (You found it on level 1 of the Vaults)
 44044 | Vaults:1 | Identified the ring of Cijitat {Wiz rElec SInv} (You found
                  | it on level 1 of the Vaults)
 44202 | D:12     | Bought a runed plate armour for 520 gold pieces
 46206 | Vaults:3 | Reached XP level 21. HP: 149/149 MP: 30/38
 46620 | Vaults:3 | Reached skill level 15 in Long Blades
 46620 | Vaults:3 | Reached skill level 15 in Dodging
 47137 | Vaults:3 | Reached skill level 15 in Invocations
 47318 | Vaults:3 | Found a staircase to the Crypt.
 49358 | Vaults:4 | Reached XP level 22. HP: 135/156 MP: 40/40
 49832 | Vaults:4 | Reached skill level 15 in Fighting
 49832 | Vaults:4 | Reached skill level 15 in Throwing
 50120 | Vaults:4 | Found a runed translucent gate.
 50120 | Vaults:4 | Found a runed translucent gate.
 50120 | Vaults:4 | Found a runed translucent gate.
 50122 | Vaults:4 | Noticed Foufiw's ghost (adept DENe)
 50139 | Vaults:4 | Learned a level 8 spell: Necromutation
 50143 | Vaults:4 | Gained mutation: Your spells are a little easier to cast,
                  | but a little less powerful. [mutagenic glow]
 50151 | Vaults:4 | Gained mutation: You are dopey. (Int -2) [mutagenic glow]
 50174 | Vaults:4 | Killed Foufiw's ghost
 50491 | Vaults:4 | Got a crude cloak
 50502 | Vaults:4 | Identified the cursed +0 cloak "Sishadd" {MP+9 Str+3} (You
                  | found it on level 4 of the Vaults)
 50769 | Vaults:4 | Gained mutation: Scrolls take you a little longer to read.
                  | [mutagenic glow]
 51029 | Vaults:4 | Learned a level 5 spell: Summon Forest
 51573 | Vaults:5 | Entered Level 5 of the Vaults
 52604 | Vaults:5 | Noticed an ancient lich
 52622 | Vaults:5 | Killed an ancient lich
 52876 | Vaults:5 | Reached skill level 16 in Invocations
 52985 | Vaults:5 | Identified the +7 spear of Ofaacan {vorpal, Int+2}
 52992 | Vaults:5 | Reached XP level 23. HP: 76/163 MP: 35/41
 53349 | Vaults:5 | Reached skill level 15 in Short Blades
 53349 | Vaults:5 | Reached skill level 15 in Axes
 53349 | Vaults:5 | Reached skill level 15 in Maces & Flails
 53349 | Vaults:5 | Reached skill level 15 in Polearms
 53349 | Vaults:5 | Reached skill level 15 in Staves
 53349 | Vaults:5 | Reached skill level 15 in Slings
 53349 | Vaults:5 | Reached skill level 15 in Bows
 53349 | Vaults:5 | Reached skill level 15 in Crossbows
 53349 | Vaults:5 | Reached skill level 15 in Armour
 53349 | Vaults:5 | Reached skill level 15 in Stealth
 53349 | Vaults:5 | Reached skill level 15 in Shields
 53349 | Vaults:5 | Reached skill level 15 in Unarmed Combat
 53349 | Vaults:5 | Reached skill level 15 in Spellcasting
 53349 | Vaults:5 | Reached skill level 15 in Evocations
 53531 | Vaults:5 | Noticed an ancient lich
 53551 | Vaults:5 | Killed an ancient lich
 54833 | Vaults:5 | Got a silver rune of Zot
 54955 | Vaults:5 | Identified the Papyrus of Poisoning and Stones
 54966 | Vaults:5 | Learned a level 6 spell: Statue Form
 55439 | Vaults:5 | Identified the cursed +0 longbow "Eviscerator" {flame,
                  | Int+2 Dex+4} (You found it on level 5 of the Vaults)
 55444 | Vaults:5 | Acquired the +11 double sword "Geimmepn" {antimagic, SInv}
 55493 | Vaults:5 | Lost mutation: Your spells are a little easier to cast, but
                  | a little less powerful. [potion of mutation]
 55493 | Vaults:5 | Lost mutation: Your flesh is cold resistant. (rC+) [potion
                  | of mutation]
 55493 | Vaults:5 | Gained mutation: Your spells are a little easier to cast,
                  | but a little less powerful. [potion of mutation]
 55493 | Vaults:5 | Gained mutation: You do not regenerate when monsters are
                  | visible. [potion of mutation]
 55493 | Vaults:5 | Gained mutation: You passively map a small area around you.
                  | [potion of mutation]
 55756 | Depths:1 | Entered Level 1 of the Depths
 56256 | Depths:1 | Found the +8 Wrath of Trog {antimagic, *Rage}
 56261 | Depths:1 | Got a faintly glowing steel amulet
 56266 | Depths:1 | Identified the amulet "Nisafes" {Reflect +Blink rC+ SH+5
                  | SInv} (You found it on level 1 of the Depths)
 56303 | Depths:1 | You fall into a shaft and drop 1 floor!
 56762 | Depths:2 | Reached XP level 24. HP: 171/171 MP: 12/42
 56806 | Depths:2 | Found Koywkaol's Weapon Emporium.
 56806 | Depths:2 | Found Veqej's Weapon Shoppe.
 56820 | Depths:2 | Bought a throwing net for 69 gold pieces
 57329 | Depths:2 | Found a gateway to a ziggurat.
 57784 | Depths:2 | Noticed a caustic shrike
 57792 | Depths:2 | Killed a caustic shrike
 58202 | Depths:2 | Reached skill level 17 in Invocations
 58344 | Depths:2 | Found a one-way gate leading to the halls of Pandemonium.
 58832 | Depths:3 | Noticed an ancient lich
 59006 | Depths:3 | Killed an ancient lich
 59298 | Depths:3 | Gained mutation: Scrolls take you longer to read. [you]
 59760 | Depths:3 | Reached XP level 25. HP: 179/179 MP: 17/43
 60139 | Depths:3 | Found a runed translucent door.
 61356 | Depths:3 | Identified the Reference Book on Sinister Secrets
 61767 | Depths:3 | Found a runed translucent door.
 62970 | Depths:3 | Gained mutation: Scrolls take you much longer to read.
                  | [mutagenic glow]
 63021 | Depths:4 | Gained mutation: You are frail. (-10% HP) [mutagenic glow]
 63486 | Depths:4 | Noticed Louise
 63489 | Depths:4 | Found a one-way gate to the infinite horrors of the Abyss.
 64343 | Depths:4 | Reached XP level 26. HP: 160/166 MP: 17/43
 64567 | Depths:4 | Killed Louise
 64809 | Depths:5 | Entered Level 5 of the Depths
 64849 | Depths:5 | Reached skill level 18 in Invocations
 65018 | Depths:5 | Found Xytzech's Gadget Shoppe.
 65295 | Depths:5 | Found a gate to the Realm of Zot.
 65517 | Depths:5 | Got a smouldering ring mail
 65521 | Depths:5 | Identified the +2 ring mail "Zuenn" {rCorr} (You found it
                  | on level 5 of the Depths)
 65705 | Depths:5 | Found Limowny's Gadget Shoppe.
 65901 | Depths:5 | Noticed a juggernaut
 67175 | Depths:5 | Acquired 1430 gold pieces
 67432 | Zot:1    | Entered Level 1 of the Realm of Zot
 68436 | Elf:1    | Entered Level 1 of the Elven Halls
 69266 | Elf:1    | Reached XP level 27. HP: 169/169 MP: 17/44
 69293 | Elf:1    | Learned a level 8 spell: Infestation
 69961 | Elf:2    | Found a runed translucent gate.
 69961 | Elf:2    | Found a runed translucent gate.
 69961 | Elf:2    | Found a runed translucent gate.
 70600 | Elf:2    | Reached skill level 15 in Conjurations
 70600 | Elf:2    | Reached skill level 15 in Hexes
 70600 | Elf:2    | Reached skill level 15 in Summonings
 70600 | Elf:2    | Reached skill level 15 in Necromancy
 70600 | Elf:2    | Reached skill level 15 in Translocations
 70600 | Elf:2    | Reached skill level 15 in Transmutations
 70600 | Elf:2    | Reached skill level 15 in Fire Magic
 70600 | Elf:2    | Reached skill level 15 in Ice Magic
 70600 | Elf:2    | Reached skill level 15 in Air Magic
 70600 | Elf:2    | Reached skill level 15 in Earth Magic
 70600 | Elf:2    | Reached skill level 15 in Poison Magic
 70763 | Elf:3    | Entered Level 3 of the Elven Halls
 70942 | Elf:3    | Identified the +9 ring mail of Loss {*Corrode MR++} (You
                  | found it on level 3 of the Elven Halls)
 71030 | Elf:3    | Got an iridescent hand crossbow
 71034 | Elf:3    | Identified the cursed +1 hand crossbow "Dibroggo" {flame,
                  | Str+3} (You found it on level 3 of the Elven Halls)
 71586 | Elf:3    | Identified the amulet of the Salamander {RegenMP rF+ Dex+2}
 72277 | Elf:3    | Lost mutation: You are agile. (Dex +2) [mutagenic glow]
 72750 | Elf:3    | Identified the +10 dagger "Zekkufi" {flame, +Fly rElec}
 72828 | Elf:3    | Identified Tiomm's Incunabulum of Orientation and Fire
 72866 | Elf:3    | Identified a +1 pair of boots of running (You found it on
                  | level 3 of the Elven Halls)
 72914 | Elf:3    | Identified the Catalogue of the Shifting Snowflakes
 73434 | Depths:2 | Lost mutation: Your spells are a little easier to cast, but
                  | a little less powerful. [potion of mutation]
 73434 | Depths:2 | Lost mutation: You are frail. (-10% HP) [potion of
                  | mutation]
 73434 | Depths:2 | Lost mutation: Scrolls take you much longer to read.
                  | [potion of mutation]
 73434 | Depths:2 | Gained mutation: Scrolls take you much longer to read.
                  | [potion of mutation]
 73434 | Depths:2 | Lost mutation: Scrolls take you much longer to read.
                  | [potion of mutation]
 73488 | Depths:2 | Learned a level 2 spell: Blink
 73491 | Depths:2 | Learned a level 2 spell: Passwall
 73861 | Slime:1  | Entered Level 1 of the Pits of Slime
 73903 | Slime:1  | Gained mutation: Armour fits poorly on your strangely
                  | shaped body. [mutagenic glow]
 74307 | Slime:1  | You fall into a shaft and drop 1 floor!
 74326 | Slime:2  | Reached skill level 19 in Invocations
 74580 | Slime:3  | Gained mutation: You are frail. (-10% HP) [a shining eye]
 76091 | Depths:1 | Got a masterwork spear
 76092 | Depths:1 | Identified the +8 spear of Ritexash {vorpal, +Fly} (You
                  | found it on level 1 of the Depths)
 76327 | Hell     | Entered the Vestibule of Hell
 76327 | Hell     | Noticed Geryon
 76923 | Zot:1    | Got a glimmering buckler
 76926 | Zot:1    | Identified the cursed +0 buckler of Mezcal {Str+3} (You
                  | found it on level 1 of the Realm of Zot)
 77119 | Depths:5 | Identified the +1 scale mail of Hadjma {rF- MR+ rCorr
                  | Int+4} (You found it on level 5 of the Depths)
 77175 | Depths:4 | Identified the +6 scale mail of Jocul {*Corrode +Inv MR+
                  | Int+3} (You found it on level 4 of the Depths)
 77280 | Zot:1    | Found a transporter.
 77280 | Zot:1    | Noticed Juoxtaps's ghost (master TrAr)
 77497 | Zot:1    | Found a transporter.
 78292 | Zot:1    | Slain by a storm dragon

Illustrated notes

Levels and vault maps discovered:
D:1:      minmay_arrival_shoal_huts, layout_basic
D:2:      layout_basic, uniq_natasha, uniq_terence
D:3:      layout_basic, lemuel_round_altar, gup_sewer_entry_glass
D:4:      cheibrodos_pilgrimage, layout_basic, lemuel_coloured_pillars_altar,
          nicolae_ossuary_entry_giza
D:5:      layout_rooms, serial_shops, nicolae_shop_waterfront,
          minmay_misc_feat_plants, bh_walls_and_bars
D:6:      layout_basic, minmay_temple_entry_junction_2, grunt_decor_one_mirror
D:7:      layout_gridville, xom_confusion_cloud
D:8:      layout_cave_pools, uniq_maggie
D:9:      layout_small_grid, lair_entry_dummy
D:10:     layout_small_grid, david_orc_5, enter_bailey_2,
          chequers_hall_statues_y
D:11:     layout_loops_ring, basic_altar, portal_ice_cave_demonic_guard,
          special_room [special_room_orc], chequers_serial_rivers_marsh,
          nicolae_looking_at_the_future
D:12:     layout_gridville, serial_shops, shop, nicolae_shop_trees, shop, shop,
          gauntlet_entry_generic, ebering_ghost_disaster_area
D:13:     kennysheep_blocky_hall, layout_cave_pools
D:14:     minmay_the_grid_triangle_9x9_recursive_2_mashed
          [minmay_the_grid_triangle_9x9_prize_top_heavy,
          minmay_the_grid_triangle_9x9_tough_junction,
          minmay_the_grid_triangle_9x9_cache,
          minmay_the_grid_triangle_9x9_dagger], layout_cross, david_vaults_4,
          gammafunk_ghost_spectres, kennysheep_nondescript,
          minmay_misc_feat_tiny, minmay_misc_feat_roman,
          chequers_serial_rivers_large_a, uniq_nessos
D:15:     gammafunk_enter_depths_forms, layout_long_grid, serial_shops, shop,
          grunt_gozag_breadcrumbs
Lair:1:   layout_hall_layers, columned_hall_lemuel, lemuel_fruit_tree,
          uniq_joseph
Lair:2:   statuecave_lemuel, layout_chaotic_city, serial_bayou_shore_a,
          grunt_megastairs_3, uniq_gastronok
Lair:3:   layout_roguey, skrybe_swamp_entry_bodies, dummy_snake_entry,
          infiniplex_staircase_pool, uniq_nergalle
Lair:4:   layout_cave_pods, roderic_carrion_pond
Lair:5:   layout_cave_pods, dpeg_slime_entry_enclosed_altar, basic_altar,
          beast_lair_carwin_8
Lair:6:   evil_forest, layout_cave_pods, uniq_urug
Swamp:1:  layout_basic_swamp, evilmike_swamp_ruin_house_1
Swamp:2:  layout_falls_marsh, hangedman_swamp_ruin_wall
Swamp:3:  layout_basic_swamp, evilmike_swamp_ruin_house_3
Swamp:4:  swamp_alternative, layout_basic_swamp, uniq_bai_suzhen
Snake:1:  layout_honeycomb, st_stairs_10
Snake:2:  layout_onion, serial_bayou_pond_b
Snake:3:  layout_misc_corridors, uniq_vashnia
Snake:4:  johnstein_snake_rune_scales, layout_onion_interference, basic_altar
Slime:1:  layout_caves
Slime:2:  layout_caves
Slime:3:  layout_caves, nicolae_slime_ancient_tower_intersection
Orc:1:    layout_caves, bh_open_orc_temple
Orc:2:    st_orc_ogre_mass, layout_diamond_mine, basic_altar
Elf:1:    layout_loops_corners, hangedman_elf_disciples
Elf:2:    layout_onion_city
Elf:3:    elf_hall, layout_geoelf_castle
Vaults:1: gammafunk_vaults_ghost_crypt, dpeg_vaults_monster_box,
          grunt_vaults_twisty, ontoclasm_vaults_ring_large,
          hangedman_vaults_snaps, vaults_dpeg_diagonal, hangedman_vaults_locks,
          nicolae_vaults_circle_grid_b, v_misc_18, ontoclasm_vaults_twist,
          nicolae_vaults_shelves_hall, nicolae_vaults_little_squares_2,
          layout_vaults_omnibox, serial_shops, nicolae_shop_crystal, uniq_aizul
Vaults:2: nicolae_vaults_mini_display_case, hangedman_vaults_stagger,
          vaults_mumra_minichess, vaults_room_door_hall,
          nicolae_vaults_quadrants, vaults_mumra_hexcomb, vaults_dpeg_ring,
          nicolae_vaults_ninety_degrees, grunt_vaults_diagonal,
          layout_vaults_ring
Vaults:3: v_rooms_6, minmay_crypt_entry_skeletal_spiral, vaults_mumra_lcd,
          serial_ice_h, hangedman_vaults_nodes, hangedman_vaults_corner,
          grunt_vaults_funnel, v_misc_29, nicolae_vaults_yaktaur_gun_rack,
          vaults_room_pool, layout_vaults_omnigrid
Vaults:4: gammafunk_vaults_ghost_necromancy, v_alt_pattern_1,
          ontoclasm_vaults_shout, nicolae_vaults_windows_and_doors_thing,
          vaults_mumra_chevron, nicolae_vaults_twisting_passages, v_rooms_5,
          nicolae_vaults_little_squares_5, nicolae_vaults_network_quincunx
          [nicolae_vaults_network_quincunx_subvault,
          nicolae_vaults_network_quincunx_subvault,
          nicolae_vaults_network_quincunx_subvault,
          nicolae_vaults_network_quincunx_subvault,
          nicolae_vaults_network_quincunx_subvault], hangedman_vaults_slice,
          v_pattern_5, layout_vaults_maze_snakey
Vaults:5: serial_shops
Depths:1: layout_basic, rand_demon_pan_entry_5, hell_entry,
          grunt_decor_mini_mirrors, serial_sigils_hangedman_stare,
          minmay_crystal_room, eino_small_chamber_without_monster,
          minmay_multi_spiral
Depths:2: minmay_three_patterns, layout_cave_shapes, enter_ziggurat_f,
          grunt_pan_entry_sceptre, hell_entry, grunt_megastairs_2,
          minmay_shoptagon, infiniplex_staircase_star, serial_bayou_shore_b
Depths:3: thingy_vault_2, layout_basic, grunt_pan_entry_zigzag, hell_entry,
          corexii_hall_statues_t, special_room [special_room_morgue],
          onia_ninara_cookie
Depths:4: kennysheep_scales, layout_basic, nicolae_twisting_strands,
          special_room [special_room_jelly],
          nicolae_abyss_entry_one_way_or_another, hell_entry,
          infiniplex_staircase_squiggle, uniq_margery
Depths:5: lemuel_castle_with_subvaults [lemuel_castle_interior_original],
          layout_basic, grunt_mini_vestibule, serial_shops,
          nicolae_shop_behind_doors, shop, minmay_misc_feat_columns,
          lightli_corner_chamber
Hell
Zot:1:    layout_cathedral_of_symmetry, gammafunk_ghost_mausoleum

Skill      XL: |  1  2  3  4  5  6  7  8  9 10 11 12 13 14 15 16 17 18 19 20 21 22 23 24 25 26 27 |
---------------+----------------------------------------------------------------------------------+-----
Invocations    | 1 2 5 6 7 8 9 10 11 12 13 14 15 16 17 18 19 | 19.2
Short Blades   | 1 2 5 6 7 8 9 10 11 12 13 14 15 16 17 | 17.9
Axes           | 1 2 5 6 7 8 9 10 11 12 13 14 15 16 17 | 17.9
Maces & Flails | 1 2 5 6 7 8 9 10 11 12 13 14 15 16 17 | 17.9
Polearms       | 1 2 5 6 7 8 9 10 11 12 13 14 15 16 17 | 17.9
Staves         | 1 2 5 6 7 8 9 10 11 12 13 14 15 16 17 | 17.9
Slings         | 1 2 5 6 7 8 9 10 11 12 13 14 15 16 17 | 17.9
Bows           | 1 2 5 6 7 8 9 10 11 12 13 14 15 16 17 | 17.9
Crossbows      | 1 2 5 6 7 8 9 10 11 12 13 14 15 16 17 | 17.9
Armour         | 1 2 5 6 7 8 9 10 11 12 13 14 15 16 17 | 17.9
Stealth        | 1 2 5 6 7 8 9 10 11 12 13 14 15 16 17 | 17.9
Shields        | 1 2 5 6 7 8 9 10 11 12 13 14 15 16 17 | 17.9
Unarmed Combat | 1 2 5 6 7 8 9 10 11 12 13 14 15 16 17 | 17.9
Spellcasting   | 1 2 5 6 7 8 9 10 11 12 13 14 15 16 17 | 17.9
Evocations     | 1 2 5 6 7 8 9 10 11 12 13 14 15 16 17 | 17.9
Conjurations   | 1 4 5 6 7 8 9 10 11 12 13 14 15 | 15.4
Hexes          | 1 4 5 6 7 8 9 10 11 12 13 14 15 | 15.4
Summonings     | 1 4 5 6 7 8 9 10 11 12 13 14 15 | 15.4
Necromancy     | 1 4 5 6 7 8 9 10 11 12 13 14 15 | 15.4
Translocations | 1 4 5 6 7 8 9 10 11 12 13 14 15 | 15.4
Transmutations | 1 4 5 6 7 8 9 10 11 12 13 14 15 | 15.4
Fire Magic     | 1 4 5 6 7 8 9 10 11 12 13 14 15 | 15.4
Ice Magic      | 1 4 5 6 7 8 9 10 11 12 13 14 15 | 15.4
Air Magic      | 1 4 5 6 7 8 9 10 11 12 13 14 15 | 15.4
Earth Magic    | 1 4 5 6 7 8 9 10 11 12 13 14 15 | 15.4
Poison Magic   | 1 4 5 6 7 8 9 10 11 12 13 14 15 | 15.4
Fighting       | 5 7 8 9 10 11 12 13 14 15 16 17 18 | 18.3
Throwing       | 5 7 8 9 10 11 12 13 14 15 16 17 18 | 18.3
Long Blades    | 7 8 9 10 11 12 13 14 15 16 17 18 | 18.7
Dodging        | 7 8 9 10 11 12 13 14 15 16 17 18 | 18.7

Action                   |  1- 3 |  4- 6 |  7- 9 | 10-12 | 13-15 | 16-18 | 19-21 | 22-24 | 25-27 || total
-------------------------+-------+-------+-------+-------+-------+-------+-------+-------+-------++-------
Melee: Long sword        |    72 |   156 |   377 |    60 |       |       |       |       |       ||   665
       Bite              |    11 |    26 |    82 |    93 |   221 |   245 |   246 |   211 |   328 ||  1463
       Punch             |       |     1 |    17 |       |       |       |       |       |       ||    18
       Scimitar          |       |       |       |   369 |   678 |       |   732 |   391 |       ||  2170
       Spear             |       |       |       |       |   256 |  1427 |   360 |       |       ||  2043
       Dagger            |       |       |       |       |       |    38 |       |       |       ||    38
       Double sword      |       |       |       |       |       |       |       |   428 |  1319 ||  1747
Throw: Dart              |       |    14 |    12 |       |       |       |       |       |       ||    26
       Throwing net      |       |     1 |       |       |       |       |     3 |       |       ||     4
       Boomerang         |       |       |       |       |       |     1 |       |       |       ||     1
 Cast: Corona            |       |       |     4 |     1 |     1 |     1 |     1 |       |       ||     8
       Summon Small Mamm |       |       |       |     8 |     9 |     1 |       |       |       ||    18
       Confusing Touch   |       |       |       |     6 |    41 |       |       |       |       ||    47
       Mephitic Cloud    |       |       |       |       |    22 |     6 |     4 |       |     1 ||    33
       Olgreb's Toxic Ra |       |       |       |       |    25 |     6 |    15 |    21 |     6 ||    73
       Ignite Poison     |       |       |       |       |    15 |     5 |     8 |     8 |     2 ||    38
       Poisonous Vapours |       |       |       |       |     3 |     1 |       |       |       ||     4
       Summon Mana Viper |       |       |       |       |       |    92 |     5 |       |       ||    97
       Metabolic Englaci |       |       |       |       |       |    13 |       |       |       ||    13
       Summon Demon      |       |       |       |       |       |    28 |     2 |       |       ||    30
       Shadow Creatures  |       |       |       |       |       |    10 |     3 |     3 |       ||    16
       Summon Forest     |       |       |       |       |       |       |       |     2 |       ||     2
       Necromutation     |       |       |       |       |       |       |       |     1 |    15 ||    16
       Statue Form       |       |       |       |       |       |       |       |     2 |     1 ||     3
       Yara's Violent Un |       |       |       |       |       |       |       |     1 |       ||     1
       Blink             |       |       |       |       |       |       |       |       |     2 ||     2
       Passwall          |       |       |       |       |       |       |       |       |     1 ||     1
       Infestation       |       |       |       |       |       |       |       |       |     1 ||     1
Invok: Recall Ancestor   |       |       |     3 |     7 |     5 |    13 |     5 |     9 |    15 ||    57
       Ancestor Life: Kn |       |       |     1 |       |       |       |       |       |       ||     1
       Ancestor Identity |       |       |     1 |       |       |       |       |       |       ||     1
       Idealise          |       |       |       |     1 |     3 |     6 |     1 |       |     2 ||    13
       Transference      |       |       |       |       |     5 |     5 |     1 |       |     1 ||    12
 Abil: Evoke Berserk Rag |       |       |       |       |       |       |       |     4 |     2 ||     6
Evoke: Wand              |       |       |       |    31 |    25 |     1 |     1 |     4 |     2 ||    64
  Use: Scroll            |     2 |     7 |     5 |     8 |    11 |     6 |    21 |     9 |    15 ||    84
       Potion            |       |     3 |     7 |       |     2 |     5 |     1 |     8 |     4 ||    30
 Stab: Sleeping          |     4 |     5 |    20 |    18 |    25 |    16 |    44 |    20 |    58 ||   210
       Held in net/web   |       |     1 |       |       |       |       |       |       |       ||     1
       Distracted        |       |       |     3 |     1 |    12 |    35 |    23 |    14 |    31 ||   119
       Paralysed         |       |       |       |     5 |       |       |       |       |       ||     5
       Confused          |       |       |       |     4 |    40 |       |       |       |       ||    44
       Petrifying        |       |       |       |       |     1 |       |       |       |       ||     1
Armor: Leather armour    |    12 |    28 |    43 |     9 |       |       |       |       |       ||    92
       Acid dragon scale |       |       |       |    74 |   249 |   121 |   108 |    77 |   126 ||   755
       Quicksilver drago |       |       |       |       |       |       |       |       |     9 ||     9
Dodge: Dodged            |    58 |   126 |   248 |   253 |   527 |   622 |   449 |   437 |   624 ||  3344
Block: Kite shield       |       |       |    16 |   224 |   495 |   549 |   509 |   504 |   712 ||  3009
       Reflection        |       |       |       |       |       |       |    57 |    65 |    45 ||   167
       Rpst.: Long sword |    22 |    38 |    83 |    17 |       |       |       |       |       ||   160
       Scimitar          |       |       |       |    58 |   104 |       |    84 |    29 |       ||   275
       Double sword      |       |       |       |       |       |       |       |    35 |   117 ||   152

Table legend: (Time is in decaauts)
 A = Elapsed time spent in this place.
 B = Non-inter-level travel time spent in this place.
 C = Inter-level travel time spent in this place.
 D = Time resting spent in this place.
 E = Time spent auto-exploring this place.
 F = Levels seen in this place.
 G = Mean time per level.
                   A        B        C        D        E       F      G
               +--------+--------+--------+--------+--------+-----+--------+
         Total |  74629 |  68696 |   5933 |   4002 |  50654 |  52 | 1435.2 |
       Dungeon |  16044 |  13575 |   2469 |     85 |  10288 |  15 | 1069.6 |
          Lair |   9320 |   8337 |    983 |    271 |   6586 |   6 | 1553.3 |
         Swamp |   4285 |   4135 |    150 |    200 |   3275 |   4 | 1071.2 |
     Snake Pit |   9173 |   8808 |    365 |     45 |   7134 |   4 | 2293.2 |
    Slime Pits |    756 |    722 |     34 |      0 |    575 |   3 |  252.0 |
  Orcish Mines |   1112 |    931 |    181 |      0 |    646 |   2 |  556.0 |
   Elven Halls |   4401 |   4228 |    173 |    423 |   2905 |   3 | 1467.0 |
        Vaults |  13485 |  12883 |    602 |   1339 |   9044 |   5 | 2697.0 |
        Depths |  13729 |  12846 |    883 |   1107 |   9293 |   5 | 2745.8 |
          Hell |     17 |     17 |      0 |      0 |      0 |   1 |   17.0 |
           Zot |   1409 |   1320 |     89 |    359 |    696 |   1 | 1409.0 |
         Sewer |    184 |    184 |      0 |      0 |    118 |   1 |  184.0 |
       Ossuary |    542 |    542 |      0 |    157 |     43 |   1 |  542.0 |
        Bailey |    167 |    167 |      0 |     15 |     45 |   1 |  167.0 |
               +--------+--------+--------+--------+--------+-----+--------+

Top non-repeatable levels by time:
Vaults:4: 4601 daAuts
Depths:3: 3758 daAuts
Depths:2: 2986 daAuts
 Snake:4: 2955 daAuts
Vaults:1: 2741 daAuts
Depths:5: 2686 daAuts
Vaults:5: 2683 daAuts
 Snake:2: 2512 daAuts
 Snake:3: 2420 daAuts
    D:14: 2336 daAuts
Depths:4: 2190 daAuts
   Elf:3: 2168 daAuts
Depths:1: 2107 daAuts
  Lair:5: 2092 daAuts
  Lair:6: 1801 daAuts
